[Event "ESP-chT Honor Division 2022"]
[Site "Linares"]
[Date "2022.09.19"]
[Round "3.8"]
[White "Jones, Gawain C B"]
[Black "Anton Guijarro, David"]
[Result "1-0"]
[ECO "C50"]
[WhiteElo "2623"]
[BlackElo "2662"]
[Annotator "TA"]
[PlyCount "103"]
[EventDate "2022.09.17"]
[EventType "team-tourn"]
[EventCountry "ESP"]
[SourceTitle "playchess.com"]
[Source "ChessBase"]
[SourceQuality "1"]
[TimeControl "5400+30"]

1. e4 e5 2. Nf3 Nc6 3. Bc4 Nf6 4. d3 Bc5 5. O-O d6 6. c3 {[%emt 0:01:31] BESTDEEP} a5 {[%emt 0:00:42] CPLX 2.6 9 (0-0) (=9). C54: Giuoco Piano: 4 c3 Nf6, main lines with 5 d4 and 5 d3.} 7. Re1 {[%emt 0:00:58] CPLX 2.5 9 (Bc1-g5) (=5)} Ba7 {[%emt 0:01:00] CPLX 2.8 17 (0-0) (=13)} 8. Na3 {[%emt 0:02:41] CPLX 2.8 18 (Bc1-g5) (=9)} O-O {[%emt 0:01:16] CPLX 2.8 26 (h7-h6) (=17). The position is equal.} 9. h3 {[%emt 0:04:34] CPLX 3.0 39 (Bc1-g5) (=17)} h6 {[%emt 0:02:41] CPLX 3.0 18 (Nc6-e7) (=18)} 10. Nb5 {[%emt 0:02:19] CPLX 3.1} Bb6 {[%emt 0:00:11] CPLX 3.3 0 (Ba7-b8) (=14)} 11. Be3 {[%emt 0:00:36] CPLX 3.2} Bxe3 {[%emt 0:00:27] CPLX 2.8} 12. Rxe3 {[%emt 0:00:05] RECAPT} Re8 {[%emt 0:00:25][%cal Bf8e8,Be8e6,Be6b6,Bb6b2,Bb2b4,Bb4b3,Bb3a3][%mdl 32] [#] BESTDEEP} 13. Qb3 $1 $146 {[%emt 0:13:35][%mdl 8] CPLX 2.6 An important novelty.} ({Predecessor:} 13. a4 Be6 14. Bxe6 Rxe6 15. Qb3 Ne7 16. Rae1 Ng6 17. d4 Re8 18. dxe5 dxe5 19. Rd1 {0-1 (60) Santos Latasa,J (2680)-Wojtaszek,R (2696) Bydgoszcz 2022}) 13... Be6 {[%emt 0:00:33] CPLX 2.6} 14. Bxe6 {[%emt 0:00:20] CPLX 2.4} Rxe6 {[%emt 0:00:06] RECAPT} 15. d4 {[%emt 0:00:07] Strongly threatening d5. CPLX 2.1 9 (a2-a4) (=8)} d5 {[%emt 0:04:31] CPLX 2.5} 16. dxe5 {[%emt 0:05:31] CPLX 2.4} Nxe5 {[%emt 0:03:19] RECAPT} 17. exd5 {[%emt 0:01:16] BESTDEEP} Nxf3+ {[%emt 0:00:23] CPLX 2.8 2 (a5-a4) (=6)} 18. Rxf3 {[%emt 0:00:06] RECAPT} Rb6 {[%emt 0:02:53] White must now prevent ...c6. BESTDEEP} 19. Qa4 {[%emt 0:00:33] CPLX 2.5 2 (Qb3-c4) (=6)} Qd7 $1 {[%emt 0:08:56] DEEPSTRONG} 20. c4 {[%emt 0:00:11] White wants to play Rd1. EASY} c6 $1 {[%emt 0:01:24] CPLX 2.4} 21. Nc3 {[%emt 0:00:27] CPLX 2.7 7 (Nb5-d4) (=5)} Rxb2 {[%emt 0:10:24] CPLX 2.4} 22. Qd1 {[%emt 0:10:10] CPLX 2.7 0 (a2-a3) (=5)} Rb4 {[%emt 0:36:03] BESTDEEP} 23. Qd3 {[%emt 0:03:58] CPLX 2.4 22 (Qd1-f1) (=6)} (23. Qf1 $5 ) 23... Qd6 $1 {[%emt 0:07:25] DEEPSTRONG} 24. a3 $36 {[%emt 0:15:21][%mdl 2048] White is pushing. BESTDEEP} Rb3 {[%emt 0:00:42] EASY} 25. Qd4 {[%emt 0:01:58] Ne4 is the strong threat. CPLX 3.5} Rxa3 {[%emt 0:02:12] CPLX 3.5} 26. Rb1 {[%emt 0:02:51] BESTDEEP} Re8 $2 {[%emt 0:05:01] [#] RELBLUND 197 (a5-a4) (=13)} (26... a4 $11 {and Black is okay.}) 27. Nb5 $1 $18 {[%emt 0:08:00][%mdl 576] Discovered Attack. DEEPSTRONG=>BLUNDERREACT} cxb5 {[%emt 0:00:09] EASY} 28. c5 {[%emt 0:00:02] DEEPSTRONG} Qd8 {[%emt 0:01:45] BESTDEEP} ({Not} 28... Ra4 29. Qxa4 (29. cxd6 $2 Rxd4 30. Rxb5 Re1+ 31. Kh2 Ne4 $19) 29... Qxd5 30. Qxb5 (30. Qxa5 Qxc5 31. Rxb5 Qc6 $16)) 29. Rxa3 {[%emt 0:00:06] EASY} b4 {[%emt 0:00:43] CPLX 3.2} 30. Rd3 {[%emt 0:01:53] CPLX 3.5} Re4 {[%emt 0:03:16] [#] CPLX 3.1 45 (Qd8-d7) (=13)} 31. Qa1 {[%emt 0:00:23] CPLX 3.6} Rc4 {[%emt 0:02:14] CPLX 3.2 99 (Re4-e8) (=16)} (31... Re8 $142 32. Rbd1 Ne4) 32. Rc1 {[%emt 0:01:39] CPLX 3.2} Re4 {[%emt 0:02:05] BESTDEEP} (32... Rxc1+ $2 33. Qxc1 b3 34. Rxb3 Qxd5 35. Qb1 $18) 33. Rcd1 {[%emt 0:02:35] CPLX 3.3 109 (d5-d6) (=8)} Rc4 {[%emt 0:00:46] [#] CPLX 3.2 14 (Re4-e2) (=15)} 34. Rc1 {[%emt 0:06:10] MISSDEEP-d5-d6 240 (d5-d6) (=16)} (34. c6 Rc5 35. Rc1 (35. cxb7 Rb5 $18) 35... Rxc1+ 36. Qxc1 Qc7 $18) (34. d6 $142 $1) 34... Re4 $1 {[%emt 0:01:24] DEEPSTRONG=>BLUNDERREACT} (34... Rxc1+ $2 35. Qxc1 b3 36. Rxb3 Qxd5 37. Qb1 $18) 35. d6 {[%emt 0:01:08] CPLX 3.3} Nd7 {[%emt 0:00:20] BESTDEEP} 36. Rg3 {[%emt 0:00:44][%csl Gg3][%cal Ra1g7] CPLX 3.5 24 (Qa1-a4) (=15)} Ne5 $2 {[%emt 0:01:13] CPLX 4.8 324 (g7-g6) (=24)} (36... g6 37. Rd3 Re2) 37. Re1 {[%emt 0:02:07] CPLX 3.8 96 (f2-f3) (=18)} Rxe1+ {[%emt 0:00:27] EASY} 38. Qxe1 {[%emt 0:00:04][%mdl 4096] Endgame KQR-KQN. RECAPT} Nc6 {[%emt 0:01:36] BESTDEEP} 39. Qa1 {[%emt 0:02:07][%csl Gg3][%cal Ra1g7] CPLX 3.3 29 (Qe1-e2) (=18)} f6 $2 {[%emt 0:00:46] EVAL 400 (g7-g6) (=34)} (39... g6 40. Rd3 Qd7) 40. Qa2+ {[%emt 0:00:45] EVAL. White is clearly winning.} Kf8 {[%emt 0:00:26] EVAL} 41. Qc2 {[%emt 0:01:08] Threatens to win with Qh7. EVAL 39 (Qa2-b1) (=18)} Kg8 {[%emt 0:00:44] Against Qh7+. EVAL} 42. Qc4+ {[%emt 0:01:16] EVAL} Kf8 {[%emt 0:00:05] EVAL} 43. Qe4 {[%emt 0:01:23] EVAL 62 (Qc4-d3) (=19)} Kg8 {[%emt 0:00:49] Inhibits Qh7+. EVAL} 44. Qg6 {[%emt 0:02:11][%csl Gg3,LRg7,LRh6][%cal Rg6g7] EVAL} Qd7 {[%emt 0:00:22] EVAL} 45. Qxf6 {[%emt 0:00:15] EVAL} a4 {[%emt 0:00:27] EVAL} 46. Qxh6 {[%emt 0:00:52] EVAL} a3 {[%emt 0:00:37] EVAL 173 (b4-b3) (=32)} 47. Qd2 {[%emt 0:00:22] EVAL} Kh7 {[%emt 0:00:38] BEVAL 400 (Qd7-f7) (=41)} 48. Rg4 {[%emt 0:01:56] BEVAL 400 (Qd2-d3) (=26)} (48. Qd3+ $142 Kh8 49. Rg4) 48... Qf5 {[%emt 0:00:33] BEVAL 400 (Qd7-e6) (=49)} 49. Rh4+ {[%emt 0:00:24] BEVAL} Kg6 {[%emt 0:00:07] BEVAL} 50. d7 {[%emt 0:00:38] And now Qd6+ would win. BEVAL} Qf6 {[%emt 0:00:54] BEVAL 400 (Nc6-d8) (=56)} 51. Qd3+ {[%emt 0:00:48] BEVAL} Kf7 {[%emt 0:00:29] BEVAL} 52. Qd5+ {[%emt 0:00:08] Weighted Error Value: White=0.19 (very precise) /Black=0.34} 1-0

[Event "ESP-chT Honor Division 2022"]
[Site "Linares"]
[Date "2022.09.19"]
[Round "3.9"]
[White "Kuzubov, Yuriy"]
[Black "Del Rio De Angelis, Salvador G."]
[Result "1/2-1/2"]
[ECO "E10"]
[WhiteElo "2627"]
[BlackElo "2456"]
[Annotator "TA"]
[PlyCount "62"]
[EventDate "2022.09.17"]
[EventType "team-tourn"]
[EventCountry "ESP"]
[SourceTitle "playchess.com"]
[Source "ChessBase"]
[SourceQuality "1"]
[TimeControl "5400+30"]

1. d4 Nf6 2. c4 e6 3. Nf3 c5 4. d5 d6 5. Nc3 g6 6. e4 Bg7 7. h3 O-O 8. Bd3 exd5 9. exd5 Re8+ 10. Be3 Nbd7 11. O-O {[%emt 0:00:23] EASY} Ne5 {[%emt 0:00:07] CPLX 2.2 16 (a7-a6) (=16). E90: King's Indian: Classical: Early deviations and 6 h3.} 12. Nxe5 {[%emt 0:00:32] CPLX 2.5} Rxe5 {[%emt 0:00:05] RECAPT} 13. Bf4 {[%emt 0:01:23] CPLX 2.3} Re8 {[%emt 0:00:07] [#] CPLX 2.5. White is slightly better.} 14. Bh2 $146 {[%emt 0:14:29] CPLX 2.1 16 (Qd1-d2) (=4)} ({Predecessor:} 14. Qd2 a6 15. Rae1 Rxe1 16. Rxe1 Qb6 17. Re7 Bf8 18. Re2 Bd7 19. Bg5 Nh5 20. g4 {1-0 (30) Bluebaum,M (2619)-Sadikhov,U (2500) Chess.com INT 2019}) 14... a6 {[%emt 0:06:29] CPLX 2.0 11 (b7-b6) (=7)} 15. Qd2 {[%emt 0:02:03] BESTDEEP} b6 {[%emt 0:00:29] BESTDEEP} 16. Qf4 {[%emt 0:21:17] CPLX 2.1 13 (Rf1-e1) (=5)} Re5 {[%emt 0:00:16] CPLX 2.3 4 (Bg7-f8) (=5)} 17. Rae1 {[%emt 0:07:28] CPLX 2.7 5 (Qf4-h4) (=5)} Ne8 {[%emt 0:20:12] CPLX 2.7 12 (Ra8-a7) (=6)} 18. Re3 {[%emt 0:18:09] CPLX 2.9 36 (Qf4-c1) (=9)} f5 {[%emt 0:05:53] CPLX 2.9 5 (Bc8-d7) (=6)} 19. Qf3 {[%emt 0:02:19] CPLX 2.5 9 (Re3-e1) (=9)} Rxe3 {[%emt 0:12:08] CPLX 2.3} 20. fxe3 {[%emt 0:00:04] RECAPT 14 (Qf3xe3) (=9)} Ra7 {[%emt 0:03:14] CPLX 2.1} 21. e4 {[%emt 0:00:16][%cal Re4f5] BESTDEEP} fxe4 {[%emt 0:12:59] CPLX 2.2 6 (Bg7-d4) (=5)} 22. Nxe4 {[%emt 0:02:48] RECAPT 2 (Bd3xe4) (=8)} Bf5 {[%emt 0:00:32] EASY} 23. Bf4 {[%emt 0:08:53] CPLX 2.5 19 (Kg1-h1) (=9)} Bxe4 {[%emt 0:00:49] BESTDEEP} 24. Qxe4 {[%emt 0:01:16] RECAPT} Re7 {[%emt 0:02:32] Against Qe6+. CPLX 2.7} 25. Qf3 {[%emt 0:02:48] BESTDEEP} Rf7 {[%emt 0:02:01] aiming for ...g5. BESTDEEP} 26. Qe2 {[%emt 0:00:21] CPLX 2.6} Bd4+ {[%emt 0:04:49] CPLX 2.4} 27. Kh1 {[%emt 0:01:35] CPLX 2.5 12 (Kg1-h2) (=7)} Ng7 {[%emt 0:00:39] CPLX 2.4 12 (Bd4-e5) (=4)} 28. b3 {[%emt 0:05:33] CPLX 2.3 0 (g2-g4) (=7)} Qf6 {[%emt 0:11:49] CPLX 2.4 45 (Ng7-h5) (=6)} 29. Bh2 {[%emt 0:01:35] CPLX 2.4 38 (g2-g4) (=9)} Qxf1+ {[%emt 0:00:48] CPLX 2.7. The position is equal.} 30. Qxf1 {[%emt 0:00:04] RECAPT} Rxf1+ {[%emt 0:00:04] RECAPT} 31. Bxf1 {[%emt 0:00:05] RECAPT} Be5 {[%emt 0:00:02] Weighted Error Value: White=0.09 (flawless) /Black=0.06 (flawless)} 1/2-1/2

[Event "ESP-chT Honor Division 2022"]
[Site "Linares"]
[Date "2022.09.19"]
[Round "3.10"]
[White "Suarez Garcia, Carlos"]
[Black "Forcen Esteban, Daniel"]
[Result "1/2-1/2"]
[ECO "D04"]
[WhiteElo "2455"]
[BlackElo "2580"]
[Annotator "TA"]
[PlyCount "68"]
[EventDate "2022.09.17"]
[EventType "team-tourn"]
[EventCountry "ESP"]
[SourceTitle "playchess.com"]
[Source "ChessBase"]
[SourceQuality "1"]
[TimeControl "5400+30"]

1. d4 d5 2. Nf3 Nf6 3. e3 c5 4. Bd3 Bg4 5. h3 Bh5 6. dxc5 {[%emt 0:09:22] [#] BESTDEEP. D04: Colle System.} Nc6 $146 {[%emt 0:06:35] BESTDEEP} ({Predecessor:} 6... e6 7. b4 a5 8. c3 axb4 9. cxb4 Nc6 10. Bb5 Qc7 11. Qd4 Be7 12. Bb2 O-O 13. Bxc6 Qxc6 {1-0 (25) Gumireddy,S (1800)-Price,A (1822) Douglas 2016}) 7. Be2 {[%emt 0:12:05] CPLX 2.5 12 (a2-a3) (=6)} e6 {[%emt 0:08:17] BESTDEEP} 8. a3 {[%emt 0:00:33] CPLX 2.5 2 (0-0) (=5)} a5 {[%emt 0:02:08] Inhibits b4. CPLX 2.6 17 (Bf8xc5) (=4)} 9. c4 {[%emt 0:04:00] BESTDEEP} Bxc5 {[%emt 0:02:41] CPLX 2.7} 10. cxd5 {[%emt 0:00:55] CPLX 2.5} Nxd5 {[%emt 0:00:10] RECAPT 14 (Qd8xd5) (=5)} 11. Bd2 {[%emt 0:03:28] CPLX 2.6} O-O {[%emt 0:01:00] CPLX 2.5} 12. Nc3 {[%emt 0:00:05] CPLX 2.5} Nb6 {[%emt 0:12:12] BESTDEEP} 13. O-O {[%emt 0:01:49] CPLX 2.7} Be7 {[%emt 0:08:59] CPLX 2.6 5 (a5-a4) (=4)} 14. Rc1 {[%emt 0:02:28] CPLX 2.5 0 (Qd1-c2) (=2)} Bf6 {[%emt 0:03:24] CPLX 2.6 0 (a5-a4) (=4)} 15. Be1 {[%emt 0:21:41] CPLX 2.6 28 (Qd1-c2) (=4)} Qxd1 {[%emt 0:17:52] CPLX 2.8} 16. Nxd1 {[%emt 0:01:16] RECAPT} Rfd8 {[%emt 0:03:53] CPLX 2.2 20 (Bh5-g6) (=5)} 17. Bc3 {[%emt 0:02:40] CPLX 2.4 13 (Rc1-c5) (=5)} (17. Rc5 $5 Rd5 18. Rxd5 Nxd5 19. Nc3 $11) 17... Be7 {[%emt 0:00:53] BESTDEEP} 18. g4 {[%emt 0:02:56] BESTDEEP} Bg6 {[%emt 0:00:14] EASY} 19. Nd4 {[%emt 0:00:05] CPLX 2.3 8 (Nf3-e5) (=5)} Na4 {[%emt 0:02:24] CPLX 2.3 4 (Ra8-c8) (=4)} 20. Nxc6 {[%emt 0:02:52] CPLX 2.4 0 (f2-f4) (=4)} bxc6 {[%emt 0:00:56] RECAPT} 21. f4 {[%emt 0:05:49] CPLX 2.5} Bd3 {[%emt 0:00:59] CPLX 2.6} 22. Re1 {[%emt 0:04:42] BESTDEEP} Nc5 {[%emt 0:04:33] CPLX 2.6 28 (Be7-h4) (=5)} 23. Nf2 {[%emt 0:02:43] CPLX 2.3} Bxe2 {[%emt 0:04:35] CPLX 2.4 0 (Be7-h4) (=5)} (23... Bh4 {is interesting.} 24. Bd4 Bxe2 25. Rxc5 Bb5) 24. Rxe2 {[%emt 0:00:04] RECAPT} Bh4 {[%emt 0:00:06] RELBLUND 51 (Nc5-b3) (=7)} (24... Nb3 $11 25. Rd1 Rd5) 25. Be1 $14 {[%emt 0:04:00] BESTDEEP} Be7 {[%emt 0:03:40] CPLX 2.5 23 (Bh4xf2) (=8)} 26. b4 {[%emt 0:00:47] CPLX 2.0 31 (Rc1-c4) (=4)} axb4 {[%emt 0:05:43] CPLX 2.4 45 (Nc5-d3) (=9)} 27. Bxb4 {[%emt 0:00:54] RECAPT} Nb3 {[%emt 0:00:02] BESTDEEP} (27... Rd5 $2 28. Rec2 $18) 28. Rxc6 {[%emt 0:01:10] EASY} Bxb4 {[%emt 0:00:03] CPLX 2.4} 29. axb4 {[%emt 0:00:05] [#] Rb2 is the strong threat. RECAPT} Rab8 {[%emt 0:00:03] CPLX 2.0} 30. Rc4 {[%emt 0:03:26] BESTDEEP} Nd2 {[%emt 0:00:10] EASY} 31. Rc2 {[%emt 0:00:12] CPLX 2.2 9 (Rc4-c3) (=4)} Nb3 {[%emt 0:00:09] CPLX 2.0 0 (Nd2-b1) (=8)} 32. Rc4 {[%emt 0:00:10] CPLX 2.0 58 (Rc2-c7) (=6)} Nd2 {[%emt 0:00:03] EASY} 33. Rc1 {[%emt 0:02:10] CPLX 2.2 27 (Rc4-c3) (=7)} Nb3 {[%emt 0:02:09] CPLX 2.0 6 (Kg8-f8) (=7)} 34. Rc4 {[%emt 0:03:00] CPLX 2.1 54 (Rc1-c7) (=8)} Nd2 {Weighted Error Value: White=0.08 (flawless) /Black=0.09 (flawless)} 1/2-1/2

[Event "ESP-chT Honor Division 2022"]
[Site "Linares"]
[Date "2022.09.19"]
[Round "3.11"]
[White "Buksa, Nataliya"]
[Black "Trigo Urquijo, Sergio"]
[Result "1/2-1/2"]
[ECO "B19"]
[WhiteElo "2407"]
[BlackElo "2402"]
[Annotator "TA"]
[PlyCount "70"]
[EventDate "2022.09.17"]
[EventType "team-tourn"]
[EventCountry "ESP"]
[SourceTitle "playchess.com"]
[Source "ChessBase"]
[SourceQuality "1"]
[TimeControl "5400+30"]

1. e4 c6 2. d4 d5 3. Nc3 dxe4 4. Nxe4 Bf5 5. Ng3 Bg6 6. h4 h6 7. Nf3 Nd7 8. h5 Bh7 9. Bd3 Bxd3 10. Qxd3 e6 11. Bd2 Ngf6 12. O-O-O Be7 13. Kb1 Qb6 {[%emt 0:03:26] CPLX 2.1. B19: Classical Caro-Kann: 4...Bf5 main line.} 14. Nh4 $1 {[%emt 0:02:26][%mdl 4] CPLX 2.8 23 (Ng3-e4) (=12) is currently scoring better than 14.c4.} O-O-O {[%emt 0:04:16] [#] CPLX 2.9 30 (c6-c5) (=15)} 15. Nf3 $146 {[%emt 0:11:57] CPLX 2.9 11 (c2-c4) (=11)} ({Predecessor:} 15. c4 Kb8 16. Bc3 Bb4 17. Nf3 Bxc3 18. Qxc3 Qc7 19. Rhe1 Qf4 20. a3 Qc7 21. Ne5 {1-0 (52) Idani,P (2621)-Ghosh,D (2541) Dhaka 2022}) 15... Rhe8 {[%emt 0:09:11] CPLX 2.8 18 (Be7-d6) (=16)} 16. c4 {[%emt 0:03:39] CPLX 2.8 23 (Qd3-e2) (=14)} c5 {[%emt 0:06:10] BESTDEEP} 17. d5 {[%emt 0:15:02] CPLX 2.8 12 (Bd2-c3) (=14)} exd5 {[%emt 0:10:18] CPLX 2.8} 18. cxd5 {[%emt 0:02:24] RECAPT} Ng4 {[%emt 0:03:08] BESTDEEP} 19. Rhf1 {[%emt 0:08:46] BESTDEEP} ({Not} 19. Ne4 $2 f5 20. Nc3 Nxf2 21. Qxf5 Nxh1 22. Rxh1 Bf6 $19) 19... Bf6 {[%emt 0:03:58] RELBLUND 74 (Nd7-f6) (=17)} (19... Ndf6 $15) 20. Bc1 {[%emt 0:11:21] CPLX 3.9 15 (Qd3-c2) (=11)} Kb8 {[%emt 0:11:27] CPLX 3.0 0 (Qb6-b4) (=15)} 21. Qf5 {[%emt 0:02:40] CPLX 3.1} Nge5 {[%emt 0:04:15] CPLX 4.0} 22. Nxe5 {[%emt 0:00:44] BESTDEEP} Nxe5 {[%emt 0:03:00] CPLX 3.4 44 (Re8xe5) (=17)} 23. Ne4 $1 {[%emt 0:02:37] CPLX 2.8} c4 {[%emt 0:02:20] CPLX 2.9 28 (Ne5-d7) (=18)} 24. Nxf6 {[%emt 0:09:03] CPLX 3.1 13 (Qf5-f4) (=8)} gxf6 {[%emt 0:01:28] RECAPT} 25. Qc2 {[%emt 0:01:40] BESTDEEP} Qa6 {[%emt 0:04:04] CPLX 2.8 7 (Ne5-d3) (=15)} 26. Rd4 {[%emt 0:08:27] CPLX 2.7 49 (Bc1xh6) (=10)} (26. Bxh6 $16 {Black must now prevent Bf4.} Nd3 27. Bd2) 26... Nc6 $1 $14 {[%emt 0:06:28] DEEPSTRONG} 27. Rf4 {[%emt 0:06:41] CPLX 3.4 1 (Rd4-h4) (=10)} ({Much worse is} 27. Rxc4 Na5 28. b3 (28. Bf4+ Ka8 $17) 28... Nxc4 29. Qxc4 {[#]} Rxd5 $1 30. Bf4+ Ka8 31. Qxa6 bxa6 $17) (27. Rh4 $5 Rxd5 28. Qxc4 Qxc4 29. Rxc4 $11) 27... Rxd5 {[%emt 0:00:46] CPLX 3.2} 28. Qxc4 {[%emt 0:00:03] CPLX 2.8 30 (Rf4xc4) (=11)} (28. Rxc4 {looks sharper.} Rd4 29. b3 Nb4 30. Re1) 28... Qxc4 {[%emt 0:01:34] RECAPT} 29. Rxc4 {[%emt 0:00:03] RECAPT} Rxh5 {[%emt 0:00:25] CPLX 2.1} 30. g4 {[%emt 0:01:34] CPLX 2.3 16 (Rc4-f4) (=11). The position is equal.} Rh3 {[%emt 0:02:40] CPLX 2.4} 31. Bf4+ {[%emt 0:00:03] EASY} Kc8 {[%emt 0:02:11] BESTDEEP} 32. Be3 {[%emt 0:05:49] BESTDEEP} a6 {[%emt 0:02:17] BESTDEEP} 33. b4 {[%emt 0:00:14] CPLX 2.4 13 (Be3-b6) (=10)} Re5 {[%emt 0:02:36] CPLX 2.4 10 (f6-f5) (=10)} 34. Rd1 {[%emt 0:01:02] CPLX 2.5} h5 {[%emt 0:02:18] CPLX 2.6} 35. Bb6 {[%emt 0:00:54][%csl Gb6][%cal Rd1d8] [#] BESTDEEP} Re8 {[%emt 0:00:22] Inhibits Rd8+.  Weighted Error Value: White=0.10 (very precise) /Black=0.12 (very precise)} 1/2-1/2